 Dungeon Crawl Stone Soup version 0.28.0-43-g3370ac3207 (webtiles) character file.

Game seed: 11906199636038625927

606 Ablot the Grasshopper (level 7, -5/56 HPs)
             Began as a Gnoll Warper on Feb 28, 2022.
             Was a Follower of Okawaru.
             Slain by a sky beast (6 damage)
             ... on level 3 of the Dungeon.
             The game lasted 00:06:10 (5249 turns).

Ablot the Grasshopper (Gnoll Warper)                Turns: 5249, Time: 00:06:12

Health: -5/56      AC:  5    Str: 13    XL:     7   Next: 42%
Magic:  12/15      EV: 13    Int: 12    God:    Okawaru [*.....]
Gold:   157        SH:  0    Dex: 11    Spells: 15/17 levels left

rFire   . . .      SeeInvis .   a - +0 spear
rCold   . . .      Faith    .   (no shield)
rNeg    . . .      Spirit   .   b - +0 leather armour
rPois   .          Reflect  .   v - +0 helmet
rElec   .          Harm     .   (no cloak)
rCorr   +          Rampage  .   (no gloves)
Will    .....                   h - +0 pair of boots
Stlth   ++........              (no amulet)
HPRegen 0.18/turn               k - ring of resist corrosion
MPRegen 0.14/turn               (no ring)

@: very slightly contaminated
A: fangs 1, strong nose, distributed training
a: Renounce Religion, Heroism


You were on level 3 of the Dungeon.
You worshipped Okawaru.
Okawaru was aware of your devotion.
You visited 1 branch of the dungeon, and saw 5 of its levels.

You collected 157 gold pieces.

Inventory:

Hand Weapons
 a - a +0 spear (weapon)
 w - a +0 short sword of holy wrath
Missiles
 d - 5 boomerangs of dispersal
 f - 146 stones
 j - 96 arrows
 l - 3 poisoned darts (quivered)
 o - a javelin
 q - 75 sling bullets
 t - 19 bolts
Armour
 b - a +0 leather armour (worn)
 h - a +0 pair of boots (worn)
 v - a +0 helmet (worn)
Jewellery
 k - a ring of resist corrosion (left hand)
Scrolls
 c - a scroll of blinking
 g - 4 scrolls of identify {unknown}
 i - 2 scrolls of enchant armour {unknown}
 m - a scroll of vulnerability {unknown}
 p - a scroll of magic mapping {unknown}
 r - 2 scrolls of teleportation {unknown}
 s - a scroll of immolation {unknown}
 u - 2 scrolls of enchant weapon {unknown}
 x - a scroll of noise {unknown}
Potions
 e - a potion of curing {unknown}
 n - a potion of heal wounds {unknown}
 z - a potion of berserk rage {unknown}
 A - a potion of might {unknown}
 B - a potion of lignification {unknown}


   Skills:
 + Level 5.2 Fighting
 + Level 2.5 Short Blades
 + Level 2.5 Long Blades
 + Level 2.5 Axes
 + Level 2.5 Maces & Flails
 + Level 5.2 Polearms
 + Level 2.5 Staves
 + Level 2.5 Slings
 + Level 2.5 Bows
 + Level 2.5 Crossbows
 + Level 3.6 Throwing
 + Level 3.6 Armour
 + Level 5.2 Dodging
 + Level 2.5 Stealth
 + Level 2.5 Shields
 + Level 2.5 Unarmed Combat
 + Level 5.6 Spellcasting
 + Level 2.0 Conjurations
 + Level 2.0 Hexes
 + Level 2.0 Summonings
 + Level 2.0 Necromancy
 + Level 5.8 Translocations
 + Level 2.0 Transmutations
 + Level 2.0 Fire Magic
 + Level 2.0 Ice Magic
 + Level 2.0 Air Magic
 + Level 2.0 Earth Magic
 + Level 2.0 Poison Magic
 + Level 2.7 Invocations
 + Level 2.5 Evocations


You had 15 spell levels left.
You knew the following spells:

 Your Spells              Type           Power      Damage    Failure   Level
a - Blink                 Tloc           34%        N/A       3%          2

Your spell library contained the following spells:

 Spells                   Type           Power      Damage    Failure   Level
 Gell's Gravitas          Tloc           17%        N/A       6%          3
 Lesser Beckoning         Tloc           17%        N/A       6%          3
 Teleport Other           Tloc           17%        N/A       6%          3
 Sting                    Tmut/Pois      32%        1d4       10%         1
 Poisonous Vapours        Pois/Air       16%        N/A       16%         2
 Manifold Assault         Tloc           17%        N/A       50%         5
 Olgreb's Toxic Radiance  Pois           8%         N/A       69%         4


Dungeon Overview and Level Annotations

Branches:
Dungeon (5/15)
 Temple: D:4-7

Altars:
Gozag
Okawaru
Sif Muna
Uskayaw
Yredelemnul

Annotations:
D:5 Sigmund


Innate Abilities, Weirdness & Mutations

You have very sharp teeth.
Your uncanny sense of smell can sniff out nearby items.
Your experience applies equally to all skills.


Message History

The sky beast flickers out of sight!
Deactivating autopickup; reactivate with Ctrl-A.
Something hits you but does no damage.
Casting: Blink (safe; 3% risk of failure)
Confirm with . or Enter, or press ? or * to list all spells.
You blink.
You feel stable enough to blink again.
There is an open door here.
As you close the door, it creaks loudly!
There is a stone staircase leading up here.
Magic restored.
Something hits you. Something shocks you.
You climb upwards.
Reactivating autopickup.
There is a stone staircase leading down here.
You start resting.
Something hits you.
* * * LOW HITPOINT WARNING * * *
Something shocks you.
* * * LOW HITPOINT WARNING * * *
Deactivating autopickup; reactivate with Ctrl-A.
Casting: Blink (safe; 3% risk of failure)
Confirm with . or Enter, or press ? or * to list all spells.
You blink.
You feel stable enough to blink again. Something hits you.
* * * LOW HITPOINT WARNING * * *
Something shocks you.
* * * LOW HITPOINT WARNING * * *
A sky beast appears from thin air!
Reactivating autopickup.
You hit the sky beast. Your bite misses the sky beast.
The sky beast is heavily wounded.
The sky beast closely misses you.
Casting: Blink (safe; 3% risk of failure)
Confirm with . or Enter, or press ? or * to list all spells.
You miscast Blink.
You are very lightly contaminated with residual magic.
Nothing appears to happen.
The sky beast hits you.
* * * LOW HITPOINT WARNING * * *
The sky beast shocks you.
You die...

#.#.# #.#.# #.#.# ##### #.#.#
#.... #.#.######....
#####.#.#.........
###########.....#.#.........
####.........#.#####.#.....)...
#..........≈.Y@................
#.##.........###.###.#.........
#.##.........# #...#..........#
#.##.........# ###.############
#............#####.############
#.......>......................
#.............####.###########.
#................#.# ##.
#................#.# #..


You could see a sky beast.

Vanquished Creatures
  Menkaure (D:4)
  An ice beast (D:4)
  An ogre (D:4)
  A jelly (D:4)
  2 orc priests (D:3)
  A centaur skeleton (D:5)
  2 iguanas (D:4)
  An adder (D:4)
  4 gnolls (D:3)
  2 worms
  3 dart slugs
  9 orcs
  6 ball pythons
  3 bats
  7 endoplasms
  3 giant cockroaches
  5 hobgoblins
  7 jackals
  5 kobolds
  5 quokkas
  3 frilled lizards
  2 goblins
  5 rats
79 creatures vanquished.

Notes
Turn   | Place    | Note
-------+----------+-------------------------------------------
     0 | D:1      | Ablot the Gnoll Warper began the quest for the Orb.
     0 | D:1      | Reached XP level 1. HP: 20/20 MP: 6/6
    13 | D:1      | Found a faded altar of an unknown god.
   146 | D:1      | Reached XP level 2. HP: 26/26 MP: 7/7
   149 | D:1      | Learned a level 2 spell: Blink
   600 | D:1      | Reached XP level 3. HP: 28/31 MP: 9/9
   903 | D:2      | Reached skill level 5 in Spellcasting
  1177 | D:2      | Reached skill level 1 in Invocations
  1767 | D:3      | Reached skill level 1 in Short Blades
  1767 | D:3      | Reached skill level 1 in Long Blades
  1767 | D:3      | Reached skill level 1 in Axes
  1767 | D:3      | Reached skill level 1 in Maces & Flails
  1767 | D:3      | Reached skill level 1 in Staves
  1767 | D:3      | Reached skill level 1 in Slings
  1767 | D:3      | Reached skill level 1 in Bows
  1767 | D:3      | Reached skill level 1 in Crossbows
  1767 | D:3      | Reached skill level 1 in Stealth
  1767 | D:3      | Reached skill level 1 in Shields
  1767 | D:3      | Reached skill level 1 in Unarmed Combat
  1767 | D:3      | Reached skill level 1 in Evocations
  1856 | D:3      | Reached XP level 4. HP: 15/38 MP: 11/11
  1864 | D:3      | Reached skill level 1 in Conjurations
  1864 | D:3      | Reached skill level 1 in Hexes
  1864 | D:3      | Reached skill level 1 in Summonings
  1864 | D:3      | Reached skill level 1 in Necromancy
  1864 | D:3      | Reached skill level 1 in Transmutations
  1864 | D:3      | Reached skill level 1 in Fire Magic
  1864 | D:3      | Reached skill level 1 in Ice Magic
  1864 | D:3      | Reached skill level 1 in Air Magic
  1864 | D:3      | Reached skill level 1 in Earth Magic
  1864 | D:3      | Reached skill level 1 in Poison Magic
  1864 | D:3      | Reached XP level 5. HP: 7/43 MP: 12/12
  2932 | D:4      | Found a shimmering blue altar of Sif Muna.
  3084 | D:4      | Noticed an ice beast
  3090 | D:4      | Found an iron altar of Okawaru.
  3101 | D:4      | Became a worshipper of Warmaster Okawaru
  3189 | D:4      | Found a basalt altar of Yredelemnul.
  3304 | D:4      | Reached XP level 6. HP: 12/50 MP: 10/13
  3770 | D:4      | Noticed Menkaure
  3780 | D:4      | HP: 2/50 [Menkaure/nerve-wracking pain (12)]
  3781 | D:4      | Killed Menkaure
  3782 | D:4      | Reached skill level 5 in Fighting
  3782 | D:4      | Reached skill level 5 in Polearms
  3782 | D:4      | Reached skill level 5 in Dodging
  4100 | D:4      | Reached * piety under Okawaru
  4101 | D:4      | Reached XP level 7. HP: 46/56 MP: 15/15
  4224 | D:4      | Found a hide-covered altar of Uskayaw.
  4263 | D:4      | Found an opulent altar of Gozag.
  4828 | D:5      | Entered Level 5 of the Dungeon
  5198 | D:5      | Noticed Sigmund
  5249 | D:3      | HP: 1/56 [sky beast (2)]
  5249 | D:3      | Slain by a sky beast

Illustrated notes

Levels and vault maps discovered:
D:1:      dpeg_arrival_rooms_b, layout_loops_ring,
          ebering_ecumenical_altar_sacrificial
D:2:      layout_loops_ring
D:3:      layout_basic, minmay_bisected
D:4:      layout_gridville, mainiacjoe_overflow_alcove_1,
          mainiacjoe_overflow_catwalk_spiral,
          chequers_temple_overflow_statue_of_worship, uniq_menkaure
D:5:      layout_loops_corners, nicolae_tso_swordbearing_angel,
          kennysheep_mini_moat, minivault_24, minmay_fire_ice_demons,
          uniq_sigmund, uniq_blork_the_orc

Skill      XL: |  1  2  3  4  5  6  7 |
---------------+----------------------+-----
Spellcasting   | 5 |  5.6
Invocations    | 1 2 |  2.7
Short Blades   | 1 2 |  2.5
Long Blades    | 1 2 |  2.5
Axes           | 1 2 |  2.5
Maces & Flails | 1 2 |  2.5
Staves         | 1 2 |  2.5
Slings         | 1 2 |  2.5
Bows           | 1 2 |  2.5
Crossbows      | 1 2 |  2.5
Stealth        | 1 2 |  2.5
Shields        | 1 2 |  2.5
Unarmed Combat | 1 2 |  2.5
Evocations     | 1 2 |  2.5
Conjurations   | 1 2 |  2.0
Hexes          | 1 2 |  2.0
Summonings     | 1 2 |  2.0
Necromancy     | 1 2 |  2.0
Transmutations | 1 2 |  2.0
Fire Magic     | 1 2 |  2.0
Ice Magic      | 1 2 |  2.0
Air Magic      | 1 2 |  2.0
Earth Magic    | 1 2 |  2.0
Poison Magic   | 1 2 |  2.0
Throwing       | 3 |  3.6
Armour         | 3 |  3.6
Fighting       | 5 |  5.2
Polearms       | 5 |  5.2
Dodging        | 5 |  5.2
Translocations | |  5.8

Action                   |  1- 3 |  4- 6 |  7- 9 || total
-------------------------+-------+-------+-------++-------
Melee: Spear             |   177 |   121 |   121 ||   419
       Bite              |     8 |    13 |    13 ||    34
       Punch             |     4 |     1 |    11 ||    16
Throw: Boomerang         |       |    20 |     4 ||    24
       Dart              |       |       |     3 ||     3
       Javelin           |       |       |     2 ||     2
 Cast: Blink             |       |     2 |     2 ||     4
Invok: Heroism           |       |       |     1 ||     1
 Stab: Sleeping          |     1 |     1 |       ||     2
Armor: Leather armour    |    30 |    12 |    29 ||    71
Dodge: Dodged            |    87 |    35 |    75 ||   197
